 Dungeon Crawl Stone Soup version 0.20.0-15-g7f486f2 (webtiles) character file.

144 Irinir the Covered (level 5, 0/49 HPs)
             Began as a Deep Dwarf Fighter on June 28, 2017.
             Was an Initiate of Dithmenos.
             Slain by an orc
             ... wielding a +0 hand axe
              (6 damage)
             ... on level 3 of the Dungeon.
             The game lasted 00:34:57 (4455 turns).

Irinir the Covered (Deep Dwarf Fighter)             Turns: 4455, Time: 00:34:57

Health: 0/49       AC:  6    Str: 24    XL:     5   Next: 5%
Magic:  5/5        EV:  8    Int:  9    God:    Dithmenos [......]
Gold:   195        SH: 10    Dex: 12    Spells: 4/4 levels left

rFire    . . .     SeeInvis .   a - +1 war axe
rCold    . . .     Gourm    .   c - +0 shield
rNeg     . . .     Faith    .   q - +0 ring mail
rPois    .         Spirit   .   (no helmet)
rElec    .         Reflect  .   (no cloak)
rCorr    .         Harm     .   (no gloves)
MR       .....     Rnd*Tele +   (no boots)
Stlth    +.........             (no amulet)
Regen    0.0/turn               s - +4 ring of strength
MPRegen  0.1/turn               F - ring of teleportation

@: starving, non-regenerating
A: damage resistance, heal wounds, sense surroundings 1, no regeneration
a: Heal Wounds, Renounce Religion


You were on level 3 of the Dungeon.
You worshipped Dithmenos.
Dithmenos was noncommittal.
You were starving.

You visited 1 branch of the dungeon, and saw 3 of its levels.

You collected 195 gold pieces.

Inventory:

Hand Weapons
 a - a +1 war axe (weapon)
 i - a +0 hunting sling
 j - a cursed -3 dagger
 k - a +0 whip
 m - a +0 club
 n - a +0 club
 p - a +0 dagger
 r - a +0 whip
 w - a +0 club
 x - a +0 spear
 A - a +0 club
 B - a +0 club
 C - a cursed -1 long sword
 G - a +0 flail
 I - a +2 dagger of venom
Missiles
 e - 79 sling bullets
 f - 3 tomahawks
 h - 93 stones (quivered)
 o - 21 arrows
 y - 23 bolts
 H - a throwing net
Armour
 b - a +0 scale mail
 c - a +0 shield (worn)
 g - a +0 buckler
 q - a +0 ring mail (worn)
 v - a +0 ring mail
 M - a +0 robe
 N - a +0 cloak
 P - a +0 robe
Jewellery
 s - a +4 ring of strength (left hand)
 F - a ring of teleportation (right hand)
Scrolls
 u - 2 scrolls of teleportation
 E - 2 scrolls of identify
Potions
 d - a potion of might
 l - a potion of berserk rage
 J - a potion of mutation {unknown}
 K - a potion of lignification {unknown}
 L - a potion of invisibility {unknown}
 O - 2 potions of curing {unknown}
Comestibles
 t - a bread ration
 z - 2 meat rations
 D - 3 fruits


   Skills:
 + Level 3.1 Fighting
 + Level 3.5 Axes
 + Level 4.5 Armour
 + Level 0.4 Dodging
 + Level 1.0 Stealth
 + Level 4.0 Shields


You had 4 spell levels left.
You didn't know any spells.

Dungeon Overview and Level Annotations

Branches:
Dungeon (3/15)

Altars:
Dithmenos


Innate Abilities, Weirdness & Mutations

You are resistant to damage.
You can heal yourself by infusing magical energy.
You passively map a small area around you.
You do not regenerate.


Message History

You hit the orc priest but do no damage.
The orc priest is almost dead.
You slash the orc!
You kill the orc!
Dithmenos accepts your kill.
The orc priest hits you but does no damage.
You slash the orc priest!
You kill the orc priest!
Dithmenos accepts your kill.
Your Shields skill increases to level 4!
You have reached level 5!
You barely miss the orc. You block the orc's attack. x2
You hit the orc.
The orc is heavily wounded.
The orc hits you with a hand axe.
* * * LOW HITPOINT WARNING * * *
Your shield and ring mail prevent you from hitting the orc.
The orc is heavily wounded.
The orc hits you with a hand axe!
You die...

#...####.######.##.# #
##.# #.# #.##.# # #.#
#.# #.##.# # #.#
###.######.##.# #
#.#*#...##........# ##
#.##.##..#.###.######.
#.#.# #.#..# #........
#..####.##.# #....###.
#...)@..##.###.##.# #.
#..###o........##.# #.
#.#.##.##..######.# #.
#.##.#.#.#.## #.# #.
#.# #...#...## #.###.
##<###.#...#.>####.....
#.....###.###......###.
#..###.#......####.# #.
#..# #.##...## #.# #.


You could see an orc.

Vanquished Creatures
  2 orc priests (D:3)
  2 adders (D:2)
  A gnoll (D:2)
  An ooze (D:2)
  A worm (D:2)
  4 dart slugs
  2 orcs (D:3)
  4 bats
  6 goblins
  6 hobgoblins
  7 kobolds
  A quokka (D:2)
  A ball python (D:2)
  3 frilled lizards
  5 rats
46 creatures vanquished.

Notes
Turn   | Place    | Note
-------+----------+-------------------------------------------
     0 | D:1      | Irinir the Deep Dwarf Fighter began the quest for the Orb.
     0 | D:1      | Reached XP level 1. HP: 20/20 MP: 1/1
   159 | D:1      | Reached XP level 2. HP: 24/27 MP: 2/2
   630 | D:2      | Reached XP level 3. HP: 23/33 MP: 3/3
  3207 | D:2      | Found a shadowy altar of Dithmenos.
  3225 | D:2      | Became a worshipper of Dithmenos the Shadowed
  3301 | D:2      | Reached XP level 4. HP: 23/40 MP: 4/4
  4448 | D:3      | Reached skill level 1 in Stealth
  4453 | D:3      | Reached XP level 5. HP: 8/49 MP: 5/5
  4455 | D:3      | Slain by an orc

Skill      XL: |  1  2  3  4 |
---------------+-------------+-----
Axes           | 3 |  3.5
Armour         | 4 |  4.5
Fighting       | 3 |  3.1
Stealth        | 1 |  1.0
Shields        | 4 |  4.0
Dodging        | |  0.4

Action                   |  1- 3 |  4- 6 || total
-------------------------+-------+-------++-------
Melee: War axe           |   101 |    38 ||   139
  Use: Scroll            |     7 |     3 ||    10
  Eat: Bread ration      |     2 |       ||     2
Armor: Scale mail        |    14 |       ||    14
       Ring mail         |    18 |     9 ||    27
Dodge: Dodged            |    27 |    14 ||    41
Block: Shield            |    33 |    30 ||    63
       Buckler           |     3 |       ||     3
